 Dungeon Crawl Stone Soup version 0.30-a0-458-g86641cc369 (webtiles) character file.

Game seed: 6240453903224485960

2370 jlumianski the Chopper (level 9, -6/69 HPs)
             Began as a Demonspawn Fighter on Dec 14, 2022.
             Was a Believer of Qazlal.
             Mangled by a boulder beetle (12 damage)
             ... on level 7 of the Dungeon.
             The game lasted 00:37:58 (7486 turns).

jlumianski the Chopper (Demonspawn Fighter)         Turns: 7486, Time: 00:37:59

Health: -6/69      AC:  7    Str: 21    XL:     9   Next: 21%
Magic:  11/11      EV: 10    Int: 10    God:    Qazlal [**....]
Gold:   431        SH:  8    Dex: 16    Spells: 8/8 levels left

rFire   . . .      SeeInvis .    a - +0 war axe
rCold   . . .      Faith    .    c - +0 buckler
rNeg    . . .      Spirit   .    b - +0 scale mail
rPois   .          Reflect  .    (helmet restricted)
rElec   .          Harm     .    (no cloak)
rCorr   .          Rampage  .    (no gloves)
Will    .....                    (no boots)
Stlth   ++........               (no amulet)
HPRegen 0.31/turn                (no ring)
MPRegen 0.12/turn                (no ring)

@: no status effects
A: antennae 2, thin skeletal structure 2, demonic guardian 1, powered by death 1
a: Renounce Religion, Upheaval


You were on level 7 of the Dungeon.
You worshipped Qazlal.
Qazlal was pleased with you.
You visited 2 branches of the dungeon, and saw 8 of its levels.
You also visited: Sewer.

You collected 431 gold pieces.

Inventory:

Hand Weapons
 a - a +0 war axe (weapon)
 y - the +5 flail of the Ageing Gods {distort, *Corrode MP+9 Dex+3}
   (You found it on level 7 of the Dungeon)

   It warps and distorts space around it, and may blink, banish, or inflict
   extra damage upon those it strikes.
   Unwielding it can cause banishment or teleport you to foes.
   Dex:       It affects your dexterity (+3).
   MP:        It affects your magic capacity (+9).
   *Corrode:  It may corrode you when you take damage.
Missiles
 g - 82 stones
 p - 8 poisoned darts
 C - 2 boomerangs (quivered)
Armour
 b - a +0 scale mail (worn)
 c - a +0 buckler (worn)
Jewellery
 m - a ring of fire
Wands
 q - a wand of charming (4)
 v - a wand of acid (2)
Scrolls
 h - a scroll of magic mapping
 k - 5 scrolls of teleportation
 l - a scroll of amnesia
 o - a scroll of vulnerability
 r - a scroll of identify
 s - a scroll of brand weapon {unknown}
 u - 2 scrolls of fog {unknown}
 w - 3 scrolls of enchant armour {unknown}
 A - 2 scrolls of blinking {unknown}
 B - a scroll of fear {unknown}
Potions
 d - 3 potions of might
 e - a potion of flight
 f - 2 potions of haste
 i - 2 potions of attraction
 j - a potion of cancellation
 n - a potion of mutation
 t - a potion of degeneration
 x - a potion of resistance {unknown}
 z - 2 potions of berserk rage


   Skills:
 * Level 5.6 Fighting
 + Level 7.5 Axes
 + Level 0.4 Throwing
 + Level 5.6 Armour
 + Level 2.6 Dodging
 - Level 1.6 Stealth
 + Level 4.1 Shields
 * Level 3.6 Invocations


You had 8 spell levels left.
You didn't know any spells.
Your spell library contained the following spells:

 Spells                   Type           Power      Damage    Failure   Level
 Slow                     Hex            0%         N/A       77%         1
 Sublimation of Blood     Necr           0%         N/A       88%         2
 Wereblood                Tmut           0%         N/A       88%         2
 Confusing Touch          Hex            0%         N/A       98%         3
 Vampiric Draining        Necr           0%         2d6       98%         3
 Summon Hydra             Summ           0%         N/A       100%        7


Dungeon Overview and Level Annotations

Branches:
Dungeon (7/15)             Temple (1/1) D:6           Sewer (visited)

Altars:
Ashenzari
Cheibriados
Fedhas
Gozag
Kikubaaqudgha
Makhleb
Nemelex Xobeh
Qazlal
Vehumet
Wu Jian
Xom
Yredelemnul


Innate Abilities, Weirdness & Mutations

You have a pair of antennae on your head.
You have a moderately thin skeletal structure. (Dex +4, Stealth++)
A weak demonic guardian rushes to your aid.
You regenerate a little health from kills.


Message History

The wraith is severely damaged.
The wraith misses you.
Your iron imp closely misses the wraith.
You block the wraith's attack.
Your iron imp barely misses the wraith.
You hit the wraith.
The wraith is severely damaged.
The wraith hits you.
* * * LOW HITPOINT WARNING * * *
A demonic guardian appears!
Your iron imp hits the wraith!
The wraith is destroyed!
Qazlal accepts your kill.
You start resting.
You feel yourself speed up.
You start resting.
Your iron imp disappears in a puff of smoke!
Your ufetubus disappears in a puff of smoke!
HP restored.
You climb downwards.
There is a stone staircase leading up, spattered with blood here.
There is a stone staircase leading down here.
You climb downwards.
Found a polished flail.
There is a stone staircase leading up here.
The boulder beetle bites you!
A demonic guardian appears!
You see here the +5 flail of the Ageing Gods {distort, *Corrode MP+9 Dex+3}.
You hit the boulder beetle but do no damage.
The boulder beetle bites you!
You hit the boulder beetle but do no damage.
Your shadow imp hits the boulder beetle but does no damage.
The boulder beetle leaps!
y - the +5 flail of the Ageing Gods {distort, *Corrode MP+9 Dex+3} The boulder beetle curls into a ball and begins rolling!
You hit the boulder beetle but do no damage.
The boulder beetle hits you!!
* * * LOW HITPOINT WARNING * * *
The boulder beetle stops rolling and uncurls.
You hear a shout!
Your shadow imp hits the boulder beetle but does no damage.
The boulder beetle bites you!
You die...

########
.......###
.........
......#
#....#
#....#
#....#
#....#
#@B5.###
#......#
#...<#...#
#....#
#...
#.....# ##
#.....#
#####.# .#
..


You could see a boulder beetle (ally target) and a friendly shadow imp
(summoned).

Vanquished Creatures
  A water moccasin (D:5)
  Pargi (Sewer)
  A sky beast (D:6)
  An ogre (D:6)
  A black bear (D:5)
  An ice beast (D:6)
  2 centaurs (D:5)
  A phantom (D:4)
  A kobold brigand (D:5)
  2 bullfrogs (D:6)
  2 gnoll sergeants
  A necrophage (D:4)
  A scorpion (D:5)
  A howler monkey (D:3)
  A centaur zombie (D:4)
  4 hounds
  A jelly (D:6)
  Natasha (D:3)
  Ijyb (D:3)
  2 iguanas (D:5)
  2 orc wizards
  Terence (D:3)
  3 hound zombies (D:4)
  2 hound skeletons (D:4)
  A howler monkey zombie (D:4)
  7 adders
  21 gnolls
  3 ufetubi
  5 adder skeletons (D:4)
  4 adder zombies (D:4)
  3 worms
  3 dart slugs
  8 orcs
  5 ball pythons
  8 bats
  14 endoplasms
  4 giant cockroaches
  8 goblins
  10 hobgoblins
  3 quokkas
  4 frilled lizards
  35 kobolds
  A quokka zombie (D:4)
  3 rats
185 creatures vanquished.

Vanquished Creatures (collateral kills)
  A wraith (D:5)
  An orc priest (D:5)
  Natasha (D:3)
  2 kobolds (D:5)
5 creatures vanquished.

Vanquished Creatures (others)
  A plant (D:6)
  A withered plant (D:4)
2 creatures vanquished.

Grand Total: 192 creatures vanquished

Notes
Turn   | Place    | Note
-------+----------+-------------------------------------------
     0 | D:1      | jlumianski the Demonspawn Fighter began the quest for the
                  | Orb.
     0 | D:1      | Reached XP level 1. HP: 18/18 MP: 1/1
   184 | D:1      | Gained mutation: You regenerate a little health from kills.
                  | [demonic ancestry]
   184 | D:1      | Reached XP level 2. HP: 24/24 MP: 2/2
   205 | D:1      | Reached skill level 2 in Axes
   495 | D:1      | Gained mutation: You have a pair of small antennae on your
                  | head. [demonic ancestry]
   495 | D:1      | Reached XP level 3. HP: 29/29 MP: 3/3
  1073 | D:2      | Gained mutation: You have a somewhat thin skeletal
                  | structure. (Dex +2, Stealth+) [demonic ancestry]
  1073 | D:2      | Reached XP level 4. HP: 36/36 MP: 4/4
  1084 | D:2      | Found a faded altar of an unknown god.
  1767 | D:3      | Reached skill level 3 in Axes
  1841 | D:3      | Noticed Natasha
  1936 | D:3      | Noticed Terence
  1945 | D:3      | Killed Terence
  1968 | D:3      | Reached skill level 1 in Dodging
  1968 | D:3      | Gained mutation: A weak demonic guardian rushes to your
                  | aid. [demonic ancestry]
  1968 | D:3      | Reached XP level 5. HP: 33/42 MP: 5/5
  2360 | D:3      | Noticed Ijyb
  2398 | D:3      | Killed Ijyb
  2489 | D:3      | Killed Natasha
  2490 | D:3      | Reached skill level 4 in Axes
  2591 | D:3      | Noticed Natasha
  2602 | D:3      | Killed Natasha
  2603 | D:3      | Gained mutation: You have a moderately thin skeletal
                  | structure. (Dex +4, Stealth++) [demonic ancestry]
  2603 | D:3      | Reached XP level 6. HP: 30/48 MP: 6/6
  3308 | D:4      | Reached XP level 7. HP: 54/54 MP: 7/7
  3428 | D:4      | Reached skill level 5 in Axes
  3526 | D:5      | Entered Level 5 of the Dungeon
  3541 | D:5      | Reached skill level 1 in Stealth
  3596 | D:6      | Found a glowing drain.
  3637 | Sewer    | Entered a sewer
  3795 | Sewer    | Noticed Pargi
  3809 | Sewer    | Killed Pargi
  3810 | Sewer    | Reached skill level 6 in Axes
  3810 | Sewer    | Gained mutation: You have a pair of antennae on your head.
                  | [demonic ancestry]
  3810 | Sewer    | Reached XP level 8. HP: 41/61 MP: 8/8
  4070 | D:6      | Found a staircase to the Ecumenical Temple.
  4083 | Temple   | Entered the Ecumenical Temple
  4104 | Temple   | Became a worshipper of Qazlal Stormbringer
  4277 | D:5      | Found a blossoming altar of Fedhas.
  4694 | D:5      | Reached skill level 1 in Invocations
  4719 | D:5      | Reached skill level 5 in Fighting
  4816 | D:5      | Reached skill level 5 in Armour
  4825 | D:5      | Reached * piety under Qazlal
  5314 | D:6      | Reached skill level 7 in Axes
  6203 | D:5      | Reached ** piety under Qazlal
  6494 | D:5      | Reached XP level 9. HP: 68/68 MP: 11/11
  6826 | D:6      | Found a sparkling altar of Nemelex Xobeh.
  6826 | D:6      | Found a transporter.
  7476 | D:7      | Noticed a boulder beetle
  7480 | D:7      | Identified the +5 flail of the Ageing Gods {distort,
                  | *Corrode MP+9 Dex+3}
  7486 | D:7      | Mangled by a boulder beetle

Illustrated notes

Levels and vault maps discovered:
D:1:      scummos_arrival_forest, layout_basic
D:2:      minmay_wonky_spiral, layout_loops_ring,
          shapermc_ecumenical_altar_venn, minmay_misc_feat_tower
D:3:      layout_basic, minmay_randomly_rotated_circles, uniq_terence,
          uniq_ijyb, uniq_natasha
D:4:      layout_rooms, serial_undead, serial_undead_d, serial_undead_e,
          serial_undead_a, serial_undead_a, serial_undead_b, serial_undead_d
D:5:      minmay_goblin_kobold_castle, layout_basic,
          fedhas_bush_and_centaur_altar
D:6:      minmay_chambers_of_sixes, layout_cave_pools, grunt_nemelex_the_gamble,
          temple_green, cheibrodos_sewer_entry_sluice, serial_bayou_pond_d,
          minivault_1, chequers_avenue
D:7:      layout_rooms, general_overflow_altar, uniq_crazy_yiuf_cottage
Temple:   nicolae_temple_bog_church

Skill      XL: |  1  2  3  4  5  6  7  8 |
---------------+-------------------------+-----
Axes           | 2 3 4 6 7 |  7.5
Armour         | 3 4 5 |  5.6
Shields        | 3 4 |  4.1
Dodging        | 1 2 |  2.6
Fighting       | 4 5 |  5.6
Stealth        | 1 |  1.6
Invocations    | 3 |  3.6
Throwing       | |  0.4

Action                   |  1- 3 |  4- 6 |  7- 9 || total
-------------------------+-------+-------+-------++-------
Melee: War axe           |   117 |   175 |   411 ||   703
Throw: Stone             |     1 |     1 |     7 ||     9
       Boomerang         |       |       |     4 ||     4
Invok: Upheaval          |       |       |     1 ||     1
  Use: Scroll            |       |     9 |     6 ||    15
       Potion            |       |       |     4 ||     4
 Stab: Sleeping          |       |     3 |     3 ||     6
       Distracted        |       |       |     3 ||     3
Armor: Scale mail        |    73 |   124 |   161 ||   358
Dodge: Dodged            |    44 |   125 |   233 ||   402
Block: Buckler           |    29 |    57 |   153 ||   239

Table legend: (Time is in decaauts)
 A = Elapsed time spent in this place.
 B = Non-inter-level travel time spent in this place.
 C = Inter-level travel time spent in this place.
 D = Time resting spent in this place.
 E = Time spent auto-exploring this place.
 F = Levels seen in this place.
 G = Mean time per level.
                   A        B        C        D        E       F      G
               +--------+--------+--------+--------+--------+-----+--------+
         Total |   7751 |   7529 |    222 |   1427 |   2419 |   9 |  861.2 |
       Dungeon |   7389 |   7167 |    222 |   1322 |   2322 |   7 | 1055.6 |
        Temple |     49 |     49 |      0 |      0 |      0 |   1 |   49.0 |
         Sewer |    312 |    312 |      0 |    105 |     97 |   1 |  312.0 |
               +--------+--------+--------+--------+--------+-----+--------+

Top non-repeatable levels by time:
     D:5: 2051 daAuts
     D:6: 1442 daAuts
     D:2: 1253 daAuts
     D:3: 1221 daAuts
     D:4: 745 daAuts
     D:1: 664 daAuts
   Sewer: 312 daAuts
  Temple: 49 daAuts
     D:7: 10 daAuts
